 Dungeon Crawl Stone Soup version 0.21.1-1-g345015fe64 (webtiles) character file.

194 Kohma the Shield-Bearer (level 5, -2/33 HPs)
             Began as a Gargoyle Fighter on June 19, 2018.
             Was an Initiate of Trog.
             Slain by a gnoll
             ... wielding a +0 spear
              (6 damage)
             ... on level 4 of the Dungeon.
             The game lasted 00:06:10 (2466 turns).

Kohma the Shield-Bearer (Gargoyle Fighter)          Turns: 2466, Time: 00:06:10

Health: -2/33      AC: 11    Str: 21    XL:     5   Next: 73%
Magic:  5/5        EV:  7    Int: 10    God:    Trog [......]
Gold:   139        SH:  9    Dex:  9    Spells: 4/4 levels left

rFire    . . .     SeeInvis .   a - +0 flail
rCold    . . .     Gourm    .   c - +0 shield
rNeg     + + .     Faith    .   b - +0 scale mail
rPois    ∞         Spirit   .   (no helmet)
rElec    +         Reflect  .   (no cloak)
rCorr    .         Harm     .   (no gloves)
MR       .....                  (no boots)
Stlth    ..........             (no amulet)
HPRegen  0.11/turn              m - ring of positive energy
MPRegen  0.09/turn              q - +2 ring of intelligence

@: no status effects
A: negative energy resistance 1, electricity resistance, unbreathing,
petrification resistance, rot immunity, AC +4
a: Burn Spellbooks, Renounce Religion


You were on level 4 of the Dungeon.
You worshipped Trog.
Trog was noncommittal.
You were not hungry.

You visited 2 branches of the dungeon, and saw 5 of its levels.

You collected 139 gold pieces.

Inventory:

Hand Weapons
 a - a +0 flail (weapon)
Missiles
 l - 50 bolts
Armour
 b - a +0 scale mail (worn)
 c - a +0 shield (worn)
Jewellery
 m - a ring of positive energy (left hand)
 q - a +2 ring of intelligence (right hand)
Scrolls
 g - 4 scrolls of identify
 j - 3 scrolls of teleportation {unknown}
 k - a scroll of amnesia {unknown}
 p - 5 scrolls of remove curse
Potions
 d - a potion of might
 e - 3 potions of heal wounds
 h - 2 potions of haste {unknown}
 i - a potion of brilliance {unknown}
 r - a potion of curing {unknown}
 s - a potion of agility {unknown}
Comestibles
 f - 5 rations
 o - 2 chunks of flesh


   Skills:
 + Level 4.1 Fighting
 * Level 3.6 Maces & Flails
 + Level 4.1 Armour
 * Level 4.7 Shields


You had 4 spell levels left.
You didn't know any spells.

Dungeon Overview and Level Annotations

Branches:
Dungeon (4/15)             Temple (1/1) D:4

Altars:
Cheibriados
Fedhas
Trog
Yredelemnul
The Shining One


Innate Abilities, Weirdness & Mutations

You are resistant to torment.
Your stone body is resilient. (AC +4)
You are immune to poison.
You resist negative energy. (rN+)
You are resistant to electric shocks. (rElec)
You can survive without breathing.
You are immune to petrification.
You are immune to rotting.


Message History

The gnoll hits you but does no damage. The gnoll barely misses you.
Your shield and scale mail prevent you from hitting the gnoll.
The gnoll is moderately wounded.
The gnoll barely misses you. The gnoll hits you but does no damage.
You sock the gnoll!
The gnoll is almost dead.
The gnoll hits you with a club.
* * * LOW HITPOINT WARNING * * *
The gnoll barely misses you.
You hit the gnoll.
You kill the gnoll!
Trog accepts your kill. The gnoll hits you but does no damage.
You block the gnoll's attack.
You barely miss the gnoll. The gnoll hits you with a spear.
* * * LOW HITPOINT WARNING * * *
Okay, then.
You hit the gnoll.
The gnoll is lightly wounded.
The gnoll hits you with a spear.
You die...

..............#
##..........#######
############.............#...
#>(......................#...
#............................
###.###########..........#..g
#.# ###..........#... #.#
####...........)##.# #.#
#.)@.....##..#...#.# #.#
####.##g....###.#.#.#.# #.#
#.....%...### #...#.#!#
###.###...#.#...# ##..#....
#.....#..#.#.#[..# ..#..).
#.....#.#.#.#.#..#
#.....#..#.>.#...#
###.###.#.#÷#.#..#
####.###..#.#.#..


You could see a gnoll.

Vanquished Creatures
  An orc priest (D:3)
  4 adders (D:2)
  6 gnolls
  An ooze (D:1)
  4 worms
  2 dart slugs (D:1)
  4 orcs (D:3)
  3 bats (D:1)
  A giant cockroach (D:2)
  2 hobgoblins
  5 jackals
  2 quokkas
  4 frilled lizards
  3 goblins
  6 kobolds
  6 rats
54 creatures vanquished.

Notes
Turn   | Place    | Note
-------+----------+-------------------------------------------
     0 | D:1      | Kohma the Gargoyle Fighter began the quest for the Orb.
     0 | D:1      | Reached XP level 1. HP: 14/14 MP: 1/1
    78 | D:1      | Reached XP level 2. HP: 18/19 MP: 2/2
   457 | D:1      | Reached XP level 3. HP: 20/23 MP: 3/3
  1010 | D:2      | Reached XP level 4. HP: 25/29 MP: 4/4
  1671 | D:3      | Reached XP level 5. HP: 30/33 MP: 5/5
  1975 | D:3      | Found a glowing golden altar of the Shining One.
  2285 | D:4      | Found a staircase to the Ecumenical Temple.
  2294 | Temple   | Entered the Ecumenical Temple
  2306 | Temple   | Became a worshipper of Trog the Wrathful
  2466 | D:4      | Slain by a gnoll

Skill      XL: |  1  2  3  4  5 |
---------------+----------------+-----
Shields        | 4 |  4.7
Maces & Flails | 3 |  3.6
Fighting       | 4 |  4.1
Armour         | 4 |  4.1

Action                   |  1- 3 |  4- 6 || total
-------------------------+-------+-------++-------
Melee: Flail             |   129 |   102 ||   231
  Use: Scroll            |       |     6 ||     6
  Eat: Chunk             |     1 |     4 ||     5
Armor: Scale mail        |    79 |    66 ||   145
Dodge: Dodged            |    40 |    28 ||    68
Block: Shield            |    60 |    59 ||   119
